 Dungeon Crawl Stone Soup version 0.27.1-4-g1640c2035a (webtiles) character file.

Game seed: 11324875893221837874

8 Descartes the Changer (level 2, 0/13 HPs)
             Began as a Felid Wanderer on Nov 2, 2021.
             Slain by a jackal (2 damage)
             ... on level 1 of the Dungeon.
             The game lasted 00:01:17 (354 turns).

Descartes the Changer (Felid Wanderer)               Turns: 354, Time: 00:01:18

Health: 0/13       AC:  1    Str:  9    XL:     2   Next: 0%
Magic:  3/3        EV: 17    Int: 13    God:
Gold:   21         SH:  0    Dex: 14    Spells: 1/1 levels left
                                        Lives:  0   Deaths: 0

rFire    . . .     SeeInvis +     - Unarmed
rCold    . . .     Faith    .   (shield unavailable)
rNeg     . . .     Spirit   .   (armour unavailable)
rPois    .         Reflect  .   (helmet unavailable)
rElec    .         Harm     .   (cloak unavailable)
rCorr    .         Rampage  .   (gloves unavailable)
Will     .....                  (boots unavailable)
Stlth    ++........             (no amulet)
HPRegen  0.04/turn              (no ring)
MPRegen  0.08/turn              (no ring)

@: quick
A: very small, claws 1, fangs 3, see invisible, speed 1, shaggy fur 1, stealthy
paws, no weapons or thrown items, no armour, multi-lived
a: no special abilities


You were on level 1 of the Dungeon.
You visited 1 branch of the dungeon, and saw 1 of its levels.

You collected 21 gold pieces.

Inventory:

Scrolls
 b - a scroll of blinking
 d - a scroll of teleportation
 e - a scroll of identify {unknown}
 f - a scroll of acquirement {unknown}
Potions
 a - a potion of berserk rage
 c - a potion of lignification


   Skills:
 + Level 2.1 Fighting
 + Level 2.9 Dodging
 + Level 3.0 Stealth
 + Level 1.2 Unarmed Combat
 + Level 3.4 Transmutations


You had one spell level left.
You didn't know any spells.
Your spell library was empty.

Dungeon Overview and Level Annotations

Branches:
Dungeon (1/15)

Altars:


Innate Abilities, Weirdness & Mutations

You have sharp claws.
You have razor-sharp teeth.
You have supernaturally acute eyesight. (SInv)
You cover ground quickly. (Speed+)
You are covered in fur. (AC +1)
Your paws help you pounce on unaware monsters.
You are incapable of wielding weapons or throwing items.
You cannot wear armour.
You gain extra lives every three experience levels.


Message History

The jackal barely misses you. The jackal misses you.
The jackal barely misses you. The jackal misses you.
The jackal barely misses you. The jackal misses you. The jackal misses you.
You scratch the jackal.
The jackal is lightly wounded.
The jackal completely misses you.
You barely miss the jackal. Your bite misses the jackal.
The jackal is lightly wounded.
The jackal closely misses you. The jackal barely misses you.
You scratch the jackal.
The jackal is heavily wounded.
The jackal bites you.
* * * LOW HITPOINT WARNING * * *
You barely miss the jackal. You bite the jackal.
The jackal is almost dead.
The jackal closely misses you.
You barely miss the jackal. Your bite misses the jackal.
The jackal is almost dead.
The jackal misses you.
You closely miss the jackal.
The jackal is almost dead.
The jackal completely misses you. The jackal closely misses you.
You closely miss the jackal.
The jackal is almost dead.
The jackal closely misses you.
You scratch the jackal but do no damage.
The jackal is almost dead.
The jackal misses you. The jackal completely misses you.
You scratch the jackal but do no damage.
The jackal is almost dead.
The jackal bites you.
* * * LOW HITPOINT WARNING * * *
You barely miss the jackal.
The jackal is almost dead.
The jackal bites you.
You die...

#.....##
###....### .#
##.....# .#
#.#.#.# .#
#.#.#.# .#
#.#.#.# .#
#.#.#.# .#
#h#.#.####.#
#@#.#†#....#####
#.#.#............
#........#######.
##..#....#
#.##.#.##
#.##.#.# #.##.#.#
#.##.#.( #.##....


You could see a jackal.

Vanquished Creatures
  A dart slug (D:1)
  A ball python (D:1)
  2 jackals (D:1)
  2 bats (D:1)
6 creatures vanquished.

Notes
Turn   | Place    | Note
-------+----------+-------------------------------------------
     0 | D:1      | Descartes the Felid Wanderer began the quest for the Orb.
     0 | D:1      | Descartes set off with the following items: a potion of
                  | berserk rage, a scroll of blinking, a potion of
                  | lignification, a scroll of teleportation
     0 | D:1      | Reached XP level 1. HP: 9/9 MP: 2/2
   256 | D:1      | Reached XP level 2. HP: 2/13 MP: 3/3
   354 | D:1      | Slain by a jackal

Illustrated notes

Levels and vault maps discovered:
D:1:      dpeg_arrival_shelter, layout_loops_ring

Skill      XL: |  1 |
---------------+----+-----
Stealth        | 3 |  3.0
Fighting       | |  2.1
Dodging        | |  2.9
Unarmed Combat | |  1.2
Transmutations | |  3.4

Action                   || total
-------------------------++-------
Melee: Unarmed           ||    42
       Bite              ||     2
       Punch             ||     1
 Stab: Sleeping          ||     1
Armor: Skin              ||     5
Dodge: Dodged            ||    58
